 Dungeon Crawl Stone Soup version 0.29-a0-333-gb4c28e87c6 (webtiles) character file.

Game seed: 14903984211690840981

144 Murumi the Sneak (level 5, -4/30 HPs)
             Began as a Vampire Enchanter on Apr 13, 2022.
             Slain by an iguana (12 damage)
             ... on level 3 of the Dungeon.
             The game lasted 00:06:51 (2370 turns).

Murumi the Sneak (Vampire Enchanter)                Turns: 2370, Time: 00:06:51

Health: -4/30      AC:  4    Str:  7    XL:     5   Next: 5%
Magic:  0/8        EV: 12    Int: 17    God:
Gold:   59         SH:  0    Dex: 17    Spells: 3/8 levels left

rFire   + . .      SeeInvis +   a - +2 dagger
rCold   + . .      Faith    .   (no shield)
rNeg    + + +      Spirit   .   b - +1 robe
rPois   ∞          Reflect  .   i - +0 helmet
rElec   .          Harm     .   (no cloak)
rCorr   .          Rampage  .   (no gloves)
Will    +....                   (no boots)
Stlth   +++++.....              (no amulet)
HPRegen 0.00/turn               e - ring of willpower
MPRegen 0.11/turn               k - ring of fire

@: bloodless, inhibited regen, invisible
A: bloodless, fangs 3, see invisible, vampiric 2
a: Bat Form, Revivify


You were on level 3 of the Dungeon.
You visited 1 branch of the dungeon, and saw 3 of its levels.

You collected 59 gold pieces.

Inventory:

Hand Weapons
 a - a +2 dagger (weapon)
Armour
 b - a +1 robe (worn)
 i - a +0 helmet (worn)
Jewellery
 e - a ring of willpower (left hand)
 k - a ring of fire (right hand)
Scrolls
 f - 3 scrolls of teleportation
 j - 2 scrolls of enchant armour
Potions
 c - a potion of invisibility
 d - 3 potions of curing
 g - 2 potions of attraction {unknown}
 h - a potion of haste


   Skills:
 - Level 2.0 Fighting
 - Level 3.0 Short Blades
 + Level 0.1 Armour
 - Level 2.1 Dodging
 - Level 6.0 Stealth
 - Level 2.0 Spellcasting
 - Level 5.0 Hexes
 - Level 1.0 Ice Magic


You had 3 spell levels left.
You knew the following spells:

 Your Spells              Type           Power      Damage    Failure   Level
a - Ensorcelled Hibernat  Hex/Ice        22%        N/A       9%          2
b - Confusing Touch       Hex            18%        N/A       8%          3

Your spell library contained the following spells:

 Spells                   Type           Power      Damage    Failure   Level
 Tukima's Dance           Hex            18%        N/A       8%          3
 Dazzling Flash           Conj/Hex       20%        N/A       21%         3


Dungeon Overview and Level Annotations

Branches:
Dungeon (3/15)

Altars:


Innate Abilities, Weirdness & Mutations

You do not regenerate when monsters are visible.
You are frail without blood (-20% HP).
You can heal yourself when you bite living creatures.
You are immune to poison.
You have razor-sharp teeth.
You have supernaturally acute eyesight. (SInv)
You are afflicted with vampirism and can become a bat while bloodless.


Message History

The scroll dissolves into smoke.
It was a scroll of fog.
There is a stone staircase leading up here.
g - 2 sedimented red potions (gained 1)
You see here a ball python skeleton.
Done exploring.
Search for what [Enter for "."]?
Okay, then.
Welcome back, Murumi the Vampire Enchanter.
Press ? for a list of commands and other information.
Done exploring.
Search for what [? for help]? .
There is a shaft here.
You see here a +2 ring mail of fire resistance.
Search for what [Enter for "."]?
(D) Dungeon
Where to? (Enter - D:2 @ (x,y), ? - help)
There is a stone staircase leading down here.
You climb downwards.
There is a stone staircase leading up here.
You climb upwards.
There is a stone staircase leading down here.
There is a stone staircase leading down here.
You climb downwards.
Found a gold wand.
Found an escape hatch in the floor.
Found a stone staircase leading up.
There is a stone staircase leading up here.
Found a quarterstaff.
Found a stone staircase leading down.
The iguana resists with significant effort.
The iguana closely misses you.
The iguana resists with significant effort.
The iguana bites you!
The iguana resists with significant effort.
The iguana bites you but does no damage.
The iguana resists with significant effort.
The iguana bites you!
* * * LOW HITPOINT WARNING * * *
You fade into invisibility!
The iguana bites you!
You die...

#. # #> ###.
)# #.###
....#.###r...
#..#..#.#.#
#........##
........#..
#.l>......
#@.# ##.##
#<..#
#<.........#
#..#...###.#
....##.##
#.##. #.# #
.. #.# #. #.#


You could see an iguana (can't see you) and a quokka (asleep).

Vanquished Creatures
  Natasha (thrice) (D:2)
  Robin (D:2)
  A dart slug (D:2)
  A worm (D:2)
  4 ball pythons
  6 endoplasms
  4 giant cockroaches (D:2)
  12 goblins
  6 hobgoblins
  A quokka (D:2)
  A bat (D:1)
  3 frilled lizards
  4 kobolds
  4 rats
51 creatures vanquished.

Notes
Turn   | Place    | Note
-------+----------+-------------------------------------------
     0 | D:1      | Murumi the Vampire Enchanter began the quest for the Orb.
     0 | D:1      | Reached XP level 1. HP: 13/13 MP: 3/3
    70 | D:1      | Found a faded altar of an unknown god.
   242 | D:1      | Reached skill level 5 in Stealth
   344 | D:1      | Reached XP level 2. HP: 15/15 MP: 5/5
   347 | D:1      | Learned a level 2 spell: Ensorcelled Hibernation
  1020 | D:2      | Reached skill level 5 in Hexes
  1201 | D:2      | Gained mutation: You are afflicted with vampirism and can
                  | become a bat while bloodless. [Vampire growth]
  1201 | D:2      | Reached XP level 3. HP: 20/20 MP: 6/6
  1207 | D:2      | Learned a level 3 spell: Confusing Touch
  1244 | D:2      | Noticed Natasha
  1251 | D:2      | Killed Natasha
  1252 | D:2      | Reached skill level 1 in Fighting
  1252 | D:2      | Reached skill level 1 in Ice Magic
  1427 | D:2      | Noticed Robin
  1434 | D:2      | Killed Robin
  1435 | D:2      | Reached XP level 4. HP: 25/26 MP: 0/7
  1459 | D:2      | Noticed Natasha
  1498 | D:2      | Killed Natasha
  1499 | D:2      | Reached skill level 6 in Stealth
  1893 | D:2      | Noticed Natasha
  1904 | D:2      | Killed Natasha
  1905 | D:2      | Reached XP level 5. HP: 30/30 MP: 1/8
  2370 | D:3      | Slain by an iguana

Illustrated notes

Levels and vault maps discovered:
D:1:      saegor_arrival_under_anarchy, layout_basic,
          hellmonk_ecumenical_altar_leap_of_faith
D:2:      layout_loops_ring, uniq_natasha, uniq_robin
D:3:      layout_loops_ring, grunt_qazlal_clouds,
          nicolae_overflow_hidden_temple, yredelemnul_altar_generic,
          ashenzari_altar_1, minmay_shallow_snake_nest, uniq_ijyb, uniq_jessica,
          uniq_pargi

Skill      XL: |  1  2  3  4 |
---------------+-------------+-----
Stealth        | 5 6 |  6.0
Short Blades   | 2 3 |  3.0
Hexes          | 5 |  5.0
Fighting       | 2 |  2.0
Ice Magic      | 1 |  1.0
Armour         | |  0.1
Dodging        | |  2.1
Spellcasting   | |  2.0

Action                   |  1- 3 |  4- 6 || total
-------------------------+-------+-------++-------
Melee: Dagger            |    52 |    54 ||   106
       Bite              |     3 |     4 ||     7
       Punch             |       |     1 ||     1
 Cast: Ensorcelled Hiber |    13 |    14 ||    27
 Abil: Exsanguinate      |     1 |       ||     1
  Use: Scroll            |     7 |     3 ||    10
       Potion            |       |     2 ||     2
 Stab: Sleeping          |    24 |     8 ||    32
       Distracted        |     1 |       ||     1
       Invisible         |       |     2 ||     2
Armor: Robe              |     8 |     8 ||    16
Dodge: Dodged            |    21 |    26 ||    47

Table legend: (Time is in decaauts)
 A = Elapsed time spent in this place.
 B = Non-inter-level travel time spent in this place.
 C = Inter-level travel time spent in this place.
 D = Time resting spent in this place.
 E = Time spent auto-exploring this place.
 F = Levels seen in this place.
 G = Mean time per level.
                   A        B        C        D        E       F      G
               +--------+--------+--------+--------+--------+-----+--------+
         Total |   2362 |   2157 |    205 |     31 |   1755 |   3 |  787.3 |
       Dungeon |   2362 |   2157 |    205 |     31 |   1755 |   3 |  787.3 |
               +--------+--------+--------+--------+--------+-----+--------+

Top non-repeatable levels by time:
     D:2: 1342 daAuts
     D:1: 1010 daAuts
     D:3: 9 daAuts
